AoeStats
← Da Zap

Arabia

507179132Analyzed
3v3 RM · 15d ago on Sep 17, 2026· 42m 39s· 6 players
Game mode
Random Map
Map size
Normal (6 player)
Population
200
Speed
Normal
Resources
Standard
Victory
Conquest
Starting age
Dark Age
Ending age
Imperial Age
RankedLock teamsTeams togetherTeam positionsShared explorationLock speedFull tech treeHidden civsTurbo modeCheats
Victory
Defeat
🇨🇱 Italians · Chile
995
+13
🇨🇱 Khmer · Chile
962
+14
🇨🇱 Magyars · Chile
956
+14
🇦🇷 Sicilians · Argentina
957
-15
🇺🇸 Poles · United States
921
-14
🇺🇸 Teutons · United States
873
-12
WistfulWindow82
2:08 Loom
11:11 Feudal Age
14:01 Horse Collar
14:09 Double-Bit Axe
18:53 Castle Age
19:05 Pikeman
20:02 Town Watch
21:18 Stone Mining
22:21 Heavy Plow
22:17 Gambesons
23:28 Bow Saw
27:01 Fletching
27:12 Scale Mail Armor
29:07 Town Patrol
29:44 Wheelbarrow
31:17 Gold Mining
31:56 Squires
32:34 Hand Cart
33:25 Chain Mail Armor
38:25 Imperial Age
37:22 Gold Shaft Mining
38:27 Capped Ram
39:48 Plate Mail Armor
39:28 Forging
40:56 Conscription
Da Zap
4:51 Loom
10:39 Feudal Age
15:15 Wheelbarrow
18:25 Castle Age
16:24 Double-Bit Axe
20:41 Fletching
25:00 Town Watch
25:45 Forging
25:41 Scale Barding Armor
25:48 Szlachta Privileges
26:28 Bow Saw
26:17 Horse Collar
27:03 Husbandry
27:14 Bloodlines
27:53 Iron Casting
27:26 Town Watch
28:40 Chain Barding Armor
33:17 Hand Cart
33:06 Town Patrol
FlyAirWalker
0:31 Loom
12:33 Feudal Age
13:13 Double-Bit Axe
22:07 Castle Age
33:40 Bloodlines
38:05 Gold Mining
43:31 Imperial Age
Hidekisan
6:24 Loom
9:32 Feudal Age
10:03 Double-Bit Axe
13:29 Fletching
17:49 Wheelbarrow
22:18 Castle Age
20:21 Gold Mining
20:51 Horse Collar
22:40 Crossbowman
23:22 Padded Archer Armor
24:05 Thumb Ring
27:14 Bow Saw
28:06 Town Watch
28:37 Hand Cart
28:32 Bodkin Arrow
29:39 Town Watch
33:31 Ballistics
36:13 Imperial Age
35:56 Squires
35:59 Scale Mail Armor
36:10 Forging
36:15 Leather Archer Armor
38:48 Chemistry
38:02 Bracer
38:18 Chain Mail Armor
40:56 Conscription
40:32 Elite Genoese Crossbowman
42:19 Plate Mail Armor
42:25 Iron Casting
sebassepulvedac
5:06 Loom
11:37 Feudal Age
12:42 Double-Bit Axe
15:43 Wheelbarrow
16:02 Town Watch
21:49 Castle Age
21:00 Fletching
21:17 Scale Barding Armor
21:13 Padded Archer Armor
21:52 Horse Collar
23:39 Gold Mining
25:02 Thumb Ring
26:26 Husbandry
29:09 Bodkin Arrow
29:30 Leather Archer Armor
30:28 Bloodlines
32:27 Ballistics
34:06 Hand Cart
43:25 Imperial Age
42:12 Corvinian Army
42:54 Chain Barding Armor
Lordinario
2:30 Loom
10:14 Feudal Age
11:43 Wheelbarrow
18:28 Bloodlines
18:45 Double-Bit Axe
21:04 Scale Barding Armor
21:11 Forging
23:00 Horse Collar
25:23 Castle Age
26:11 Husbandry
28:41 Bow Saw
29:21 Gold Mining
33:21 Hand Cart
37:25 Imperial Age
35:11 Fletching
37:16 Iron Casting
40:13 Blast Furnace
41:14 Town Watch
40:53 Cavalier
Connection lost

Rejoining the realm…

Still unreachable

The connection could not be restored.

Session expired

The server has moved on; the page needs a fresh start.